[Event "Superbet Blitz Poland 2022"]
[Site "Warsaw"]
[Date "2022.05.22"]
[Round "1.1"]
[White "Gavrilescu, David"]
[Black "Aronian, Levon"]
[Result "0-1"]
[ECO "B51"]
[WhiteElo "2518"]
[BlackElo "2765"]
[Annotator "TA"]
[PlyCount "100"]
[EventDate "2022.05.22"]
[EventType "tourn"]
[EventCountry "POL"]
[SourceTitle "playchess.com"]
[Source "ChessBase"]
[SourceQuality "1"]
[TimeControl "300+2"]

1. e4 c5 2. Nf3 d6 3. Bb5+ Nd7 4. d4 cxd4 5. Qxd4 a6 6. Be2 {[%emt 0:00:02] B51: Sicilian: Moscow Variation (3 Bb5+) without 3...Bd7.} Ngf6 7. O-O g6 (7... e5 $5 8. Qe3 Be7 $11) 8. Nc3 {[%emt 0:00:02] The position is equal.} Bg7 9. Rd1 O-O 10. e5 Nxe5 $5 {[%emt 0:00:49][%mdl 4] 10...dxe5 gains popularity. Exploring less charted territory.} (10... Nh5 $11 {feels stronger.}) 11. Nxe5 $14 {[%emt 0:00:04][%mdl 64] And now Qb4 would win. Pin} Nd7 {[%emt 0:00:02][%mdl 64] [#] Pin} 12. Nxf7 Bxd4 (12... Rxf7 13. Qe3) 13. Nxd8 {[%emt 0:00:03] Pair of Knights!} Bxf2+ 14. Kh1 Rxd8 15. Nd5 (15. Bg5 $14) 15... Bh4 $11 16. Bc4 {[%emt 0:00:34] [#]} Ne5 $146 ({Predecessor:} 16... Kh8 17. Bf4 b5 18. Bb3 Nc5 19. g3 Nxb3 20. axb3 Bf6 21. Nxf6 exf6 22. Rxd6 Rxd6 23. Bxd6 {0-1 (63) Suarez Gomez,J (2449)-Rostovtsev,D (2163) Chess.com INT 2021}) 17. Nxe7+ ({Better is} 17. Rd4 $14 Bf2 18. Rf4) 17... Kg7 18. Nxc8 (18. Nd5 $1 $11) 18... Nxc4 $17 19. Rd4 {[%emt 0:00:02][%csl LRc4,LRh4] [#]} Bf6 $1 20. Rxc4 Raxc8 21. Rxc8 Rxc8 $15 {[%emt 0:00:01][%mdl 4096] Endgame KRB-KRB} 22. c3 d5 23. Be3 {[%emt 0:00:20] Inhibits d4.} d4 24. Bxd4 Bxd4 25. cxd4 $11 {[%emt 0:00:02] KR-KR} Rc2 26. b3 Kf6 27. h3 b5 28. b4 Rc4 29. a3 Rxd4 30. Rc1 Rc4 {[%emt 0:00:06] Against Rc6+} 31. Rd1 Ke5 {[%emt 0:00:06] Prevents Rd6. Threatens to win with ...Rc3.} 32. Rd3 {[%emt 0:00:09] Prevents Rc3.} Rc6 33. Kh2 Ke4 34. Rd7 h5 35. h4 Ke5 {[%emt 0:00:17] ...Rc3 is the strong threat.} 36. g3 $2 (36. Rd3 $11 {and White stays safe.}) 36... Rc3 $19 37. Re7+ Kf6 38. Rb7 (38. Ra7 Rxa3 39. Rb7) 38... Rxa3 39. Rb6+ Kf5 40. Kh3 Ra4 41. Kg2 Rxb4 42. Rxa6 Rb3 $2 ({Black should play} 42... Re4 $19 43. Ra5 Re5) 43. Kf2 (43. Rb6 $15) 43... b4 44. Rb6 {[%emt 0:00:02] [#]} Ke4 $2 (44... Rb1 $1 $19 {White must now prevent ...Kg4.} 45. Ke3 b3) 45. Rxg6 (45. Re6+ $1 $11 Kd3 46. Rxg6) 45... Rb2+ $1 $15 46. Kg1 $2 (46. Ke1 $17) 46... Kf3 (46... b3 $142 47. Rb6 Kf3) 47. Kh1 b3 {[%emt 0:00:02] Black mates.} 48. Rg5 Rc2 49. Rf5+ Kg4 50. Rb5 b2 {[%emt 0:00:02] Weighted Error Value: White=0.66/Black=0.35} 0-1

[Event "Superbet Blitz Poland 2022"]
[Site "Warsaw"]
[Date "2022.05.22"]
[Round "1.2"]
[White "Shevchenko, Kirill"]
[Black "Korobov, Anton"]
[Result "1-0"]
[ECO "B48"]
[WhiteElo "2644"]
[BlackElo "2671"]
[Annotator "TA"]
[PlyCount "107"]
[EventDate "2022.05.22"]
[EventType "tourn"]
[EventCountry "POL"]
[SourceTitle "playchess.com"]
[Source "ChessBase"]
[SourceQuality "1"]
[TimeControl "300+2"]

1. e4 c5 2. Nc3 Nc6 3. Nf3 e6 4. d4 cxd4 5. Nxd4 Qc7 6. Be3 a6 7. Qf3 {[%emt 0:00:04] B48: Sicilian: Taimanov: 5 Nc3 Qc7 6 Be3 a6 without Be2.} b5 8. Nxc6 {[%emt 0:00:29] 8.Qg3 deserves study.} Qxc6 9. O-O-O $5 {[%emt 0:00:28][%mdl 4] An interesting side line.} (9. a3 $14) 9... Bb7 10. Qg3 (10. Bd3 $15) 10... Rc8 ({Better is} 10... b4 $17 11. Ne2 Rc8) 11. Bd3 $11 Nf6 {[%emt 0:00:45] Hoping for ...b4.} 12. e5 (12. f3 $5 ) 12... Nd5 13. Be4 {[%emt 0:00:09] [#]} Qc7 $146 ({Predecessor:} 13... Qc4 14. Bxd5 Bxd5 15. Rd4 Qc6 16. Rd2 Bxg2 17. Rhd1 Bf3 18. Rd6 Qa8 19. R1d4 Bxd6 20. Qxg7 Bxe5 21. Qxe5 {1-0 (28) Gormally,D (2493)-Ramsdal,J (2190) Hastings 2016}) 14. Bxd5 Bxd5 15. Rd2 Qa5 16. Bd4 (16. Nxd5 $11 Qxa2 17. c3 exd5 18. Kd1) 16... Bc6 (16... Bxa2 $17 {White must now prevent ...Bd5.} 17. Bb6 Qxb6 18. Nxa2 Qa5) 17. Kb1 b4 18. Nd1 b3 19. Nc3 bxa2+ 20. Ka1 g6 21. Qe3 (21. Rhd1 $11) 21... Rb8 (21... Bxg2 $15 22. Rhd1 Bc6) 22. h4 (22. f3 $11) 22... h5 23. Rhd1 (23. f3 $15 {might be stronger.}) 23... Be7 (23... Bxg2 $17 24. f3 Bh6) 24. Ne4 Bxe4 (24... Bxh4 $2 25. Nd6+ Kf8 26. Qf4 $18) 25. Qxe4 Qb5 26. Bc3 Qc6 27. Qxc6 dxc6 28. Rd4 Bc5 29. Rf4 {[%emt 0:00:02][%mdl 1024] White has compensation.} Ke7 30. b4 (30. Rd3 $14) 30... Bb6 31. Rd3 Rbd8 32. Rdf3 Rhf8 33. Rc4 Kd7 34. Kxa2 (34. Bd2 {feels hotter.} Kc7 35. Bh6 Rh8 36. Rxf7+ Rd7 37. Rxd7+ Kxd7 38. Bg5) 34... Kc7 35. Rcf4 $36 {[%emt 0:00:03][%mdl 2048] White fights for an advantage.} Rd7 36. Rf6 c5 $1 37. Kb3 Kc6 {[%emt 0:00:06] [#]} 38. Rxe6+ $1 fxe6 39. Rxf8 cxb4 40. Bxb4 $14 {[%emt 0:00:02][%mdl 4096] Endgame And now Rf6 would win. KRB-KRB} Rd4 {[%emt 0:00:03][%cal Od4b4] [#] aiming for ...Rxb4+!} 41. Rf6 ({White should try} 41. Re8 $1 $16 ) 41... Kd5 $11 42. g3 Re4 43. Rxg6 Bxf2 44. Rg5 Rxe5 45. c4+ Ke4 46. Rg6 Kf3 47. Bd6 Re3+ 48. Ka4 e5 49. Rf6+ Kg2 50. Rxf2+ Kxf2 51. Bc5 Kf3 (51... e4 $11) 52. Bxe3 {[%emt 0:00:01] White mates.} Kxe3 53. c5 e4 54. c6 {[%emt 0:00:00] Weighted Error Value: White=0.21 (precise) /Black=0.30} 1-0

[Event "Superbet Blitz Poland 2022"]
[Site "Warsaw"]
[Date "2022.05.22"]
[Round "1.3"]
[White "Anand, Viswanathan"]
[Black "Duda, Jan-Krzysztof"]
[Result "1-0"]
[ECO "C48"]
[WhiteElo "2751"]
[BlackElo "2750"]
[Annotator "TA"]
[PlyCount "79"]
[EventDate "2022.05.22"]
[EventType "tourn"]
[EventCountry "POL"]
[SourceTitle "playchess.com"]
[Source "ChessBase"]
[SourceQuality "1"]
[TimeControl "300+2"]

1. e4 e5 2. Nf3 Nc6 3. Bb5 Nf6 4. d3 Bc5 5. Bxc6 dxc6 6. Nc3 Qe7 {[%emt 0:00:19] C48: Four Knights: 4 Bb5, replies other than 4...Bb4.} 7. h3 a5 8. Be3 {[%emt 0:00:05] [#]} Bxe3 $146 {[%emt 0:00:48] The position is equal.} ({Predecessor:} 8... b6 9. Bxc5 Qxc5 10. Qd2 h6 11. g4 Nd7 12. a3 Qe7 13. Ne2 Bb7 14. Ng3 c5 {1-0 (41) Indjic,A (2613)-Santos Ruiz,M (2597) Chess.com INT 2022}) 9. fxe3 a4 10. a3 O-O 11. O-O Ne8 12. Qe1 Nd6 13. g4 f6 14. Qg3 g5 15. Rf2 Be6 16. Raf1 (16. h4 {is interesting.} h6 17. Rh2 Kg7 18. hxg5 hxg5 19. Kg2) 16... b5 17. Ne2 Rf7 18. h4 {[%emt 0:00:11] hxg5 is the strong threat.} h6 19. Nh2 c5 20. Qh3 Raf8 21. Ng3 c4 22. Nf5 Bxf5 23. gxf5 Rh7 24. Rg2 c5 25. Qf3 cxd3 26. cxd3 c4 (26... Kh8 $15 {might be stronger.}) 27. Rd1 $11 Qb7 28. dxc4 Nxc4 29. Ng4 Qb6 $2 {[%emt 0:00:10] [#]} (29... Qc6 $11) 30. Rd5 $2 (30. hxg5 $1 $16 hxg5 31. Rh2 Rxh2 32. Kxh2) 30... Kh8 $2 (30... Qc6 $11 {and Black has nothing to worry.}) 31. hxg5 $18 hxg5 32. Rh2 {[%emt 0:00:03] Rd7 would kill now.} Rxh2 (32... Qc7 {was worth a try.} 33. Qe2 (33. Rxb5 Rxh2 34. Nxh2 Nd2 $11) 33... Rh4) 33. Kxh2 {[%emt 0:00:01] Intending Qh3+ and mate.} Qb7 $2 {[%emt 0:00:04] [#]} (33... Qc7 34. Qh3+ (34. Rxb5 Kg7 $11) 34... Qh7 35. Rxb5 Rf7) 34. Nxf6 $1 Rxf6 35. Qh5+ Kg7 36. Qxg5+ Kf7 37. Rd8 {[%emt 0:00:09] White threatens Qg8+ and mate.} Nd6 38. Rh8 {[%emt 0:00:06] Threatening mate with Qg8+.} Qxe4 39. Qg8+ Ke7 40. Qd8+ {[%emt 0:00:02] Weighted Error Value: White=0.13 (very precise) /Black=0.77} 1-0

[Event "Superbet Blitz Poland 2022"]
[Site "Warsaw"]
[Date "2022.05.22"]
[Round "1.4"]
[White "So, Wesley"]
[Black "Wojtaszek, Radoslaw"]
[Result "0-1"]
[ECO "E53"]
[WhiteElo "2766"]
[BlackElo "2696"]
[Annotator "TA"]
[PlyCount "78"]
[EventDate "2022.05.22"]
[EventType "tourn"]
[EventCountry "POL"]
[SourceTitle "playchess.com"]
[Source "ChessBase"]
[SourceQuality "1"]
[TimeControl "300+2"]

1. d4 Nf6 2. c4 e6 3. Nc3 Bb4 4. e3 O-O 5. Bd3 d5 6. a3 Bxc3+ 7. bxc3 dxc4 8. Bxc4 c5 9. Nf3 Qc7 10. Be2 b6 {[%emt 0:00:01] E53: Nimzo-Indian: Rubinstein: Main Line (4...0-0 5 Nf3 d5 6 Bd3 c5 7 0-0).} 11. Bb2 {[%emt 0:00:01] is recently more successful than 11.0-0.} Ba6 $5 {[%emt 0:00:14][%mdl 4] A promising side line.} 12. c4 cxd4 {[%emt 0:00:11] The position is equal.} 13. Nxd4 Nbd7 {[%emt 0:00:02] [#]} 14. Nb5 $146 ({Predecessor:} 14. O-O Rac8 15. Nb5 Qb8 16. a4 Rfd8 17. Qd6 Bxb5 18. Qxb8 Nxb8 19. axb5 Rd2 20. Bxf6 gxf6 {0-1 (67) Ding,L (2774)-Carlsen,M (2837) Saint Louis 2017}) 14... Qc5 15. O-O Bb7 16. Qd4 Qg5 {[%emt 0:00:09][%csl Gb7][%cal Rg5g2] [#]} 17. g3 a6 18. Nd6 Bc6 $1 19. Rad1 Rad8 20. Qf4 Qg6 21. Rd2 Nc5 22. Rfd1 Ba4 23. Nf5 Rde8 $15 24. Nh4 Qe4 {[%emt 0:00:02] [#] Strongly threatening ...Qxf4.} 25. Re1 Qxf4 (25... e5 $1 $15 26. Qf3 Re6) 26. gxf4 Nfe4 27. Rd4 Rd8 28. Nf3 Nd6 29. Bc3 Nb3 30. Rd3 Nc5 31. Rd4 Nb3 32. Rdd1 Ne4 33. Bb4 {[%emt 0:00:21] A strong pair of Bishops.} Nbc5 34. Rxd8 Rxd8 35. Rb1 Bc2 36. Rb2 Bd3 37. Kf1 Bxe2+ 38. Kxe2 Nd3 39. Rb3 (39. Rb1 $15) 39... Nc1+ {[%emt 0:00:02] Weighted Error Value: White=0.34/Black=0.05 (flawless)} 0-1

[Event "Superbet Blitz Poland 2022"]
[Site "Warsaw"]
[Date "2022.05.22"]
[Round "1.5"]
[White "Caruana, Fabiano"]
[Black "Rapport, Richard"]
[Result "1-0"]
[ECO "E73"]
[WhiteElo "2786"]
[BlackElo "2776"]
[Annotator "TA"]
[PlyCount "95"]
[EventDate "2022.05.22"]
[EventType "tourn"]
[EventCountry "POL"]
[SourceTitle "playchess.com"]
[Source "ChessBase"]
[SourceQuality "1"]
[TimeControl "300+2"]

1. d4 Nf6 2. c4 g6 3. Nc3 Bg7 4. e4 d6 5. Be2 O-O 6. Be3 c6 7. h4 {[%emt 0:00:13] E73: King's Indian: Averbakh Variation without 6...c5.} h5 8. f3 a6 9. a4 {[%emt 0:00:25] White is slightly better.} a5 {[%emt 0:00:15] [#]} 10. Nh3 $146 ({Predecessor:} 10. Qd2 Na6 11. Nh3 Nb4 12. Nf2 e5 13. O-O-O exd4 14. Bxd4 d5 15. cxd5 cxd5 16. exd5 {0-1 (47) Papayan,O (2246)-Starozhilov,L (2318) Chess.com INT 2019}) 10... Bxh3 11. Rxh3 Nbd7 12. g4 e5 13. d5 Nc5 14. Bxc5 dxc5 15. Qd2 Kh7 16. Kd1 Qc8 17. Rg3 Rh8 18. Kc2 Kg8 19. Rh1 Qc7 20. Rg2 Rd8 21. Nd1 (21. Kb1 $16) 21... hxg4 $11 22. Nc3 Bh6 23. Qd1 gxf3 (23... g3 $1 $15 24. Rxg3 Be3) 24. Bxf3 Bf4 25. h5 Kg7 (25... cxd5 $2 26. hxg6 Rh6 27. Rxh6 (27. exd5 Rxg6 28. Rxg6+ fxg6 $16) 27... Bxh6 28. exd5 $18 (28. Nxd5 Nxd5 29. cxd5 f6 $18)) (25... g5 $1 $11 {remains equal.}) 26. Qg1 {[%emt 0:00:08][%csl LRc5,LRg6][%cal Rg2g6] aiming for Rxg6+!} Rh6 (26... Rdg8 $16) 27. hxg6 $18 Rxg6 28. Qxc5 $2 (28. Ne2 $1 $18 ) 28... b6 ({Black should play} 28... Rc8 $14) 29. Qf2 (29. Rxg6+ $16 fxg6 30. Nb5 $1 (30. Qxc6 Qxc6 31. dxc6 Rc8 $11)) 29... cxd5 $14 30. cxd5 Qc4 (30... Rh8 $14) 31. Rxg6+ fxg6 32. Qxb6 Rc8 33. d6 (33. Qxa5 $14 Nxe4 34. Qb5 Qxb5 35. axb5) 33... Qxa4+ 34. Kb1 {[%emt 0:00:03] Really sharp!} Qd7 35. Rd1 {[%emt 0:00:18] White is more active.} ({White should try} 35. Nd5 $1 $14 Nxd5 36. exd5 Qf5+ 37. Ka1) 35... Rc6 $1 $11 36. Qb8 Rc8 (36... Be3 $5 ) 37. Qb3 Be3 38. Be2 $36 {[%emt 0:00:09][%mdl 2048] White has some pressure.} Bd4 {[%emt 0:00:02] [#]} (38... a4 $1 $11 39. Qb5 (39. Nxa4 Bd4 $11) 39... Qxb5 40. Bxb5 Rd8) 39. Nb5 $1 $16 Rb8 40. Qc4 Nxe4 $2 {[%emt 0:00:26][%mdl 8192] Black cannot hold the game after this.} (40... Rxb5 $16 {is more resistant.} 41. Qxb5 Qxd6 42. Qxa5 Nxe4) 41. Nxd4 $18 exd4 42. Qxd4+ Nf6 43. Bd3 {[%emt 0:00:03] And now Rg1 would win.} Rb4 $2 (43... Rd8 44. Bc2 Qe6) 44. Qe5 Rg4 45. Bb5 (45. Rf1 $142 Qd8 46. d7 Kh6 47. Bb5 Rg5 48. Qxf6 Qxf6 49. Rxf6 Rd5 50. Rf8) 45... Qd8 (45... Qf5+ $142 46. Qxf5 gxf5) 46. d7 {[%emt 0:00:03] Threatening mate with Qc3.} Re4 47. Qc5 {[%emt 0:00:02] White wants to mate with Qc8.} Rb4 48. Qc8 {[%emt 0:00:03] Weighted Error Value: White=0.44/Black=0.92} 1-0

[Event "Superbet Blitz Poland 2022"]
[Site "Warsaw"]
[Date "2022.05.22"]
[Round "2.1"]
[White "Aronian, Levon"]
[Black "Rapport, Richard"]
[Result "1-0"]
[ECO "E94"]
[WhiteElo "2765"]
[BlackElo "2776"]
[Annotator "TA"]
[PlyCount "165"]
[EventDate "2022.05.22"]
[EventType "tourn"]
[EventCountry "POL"]
[SourceTitle "playchess.com"]
[Source "ChessBase"]
[SourceQuality "1"]
[TimeControl "300+2"]

1. d4 Nf6 2. c4 g6 3. Nc3 Bg7 4. e4 d6 5. Be2 O-O 6. Be3 c6 7. Nf3 e5 8. O-O exd4 9. Nxd4 Re8 10. Qc2 Na6 {[%emt 0:00:09][%cal Bb8a6,Ba6b4,Bb4d5,Bd5c3][%mdl 32] E94: King's Indian: Classical: 6 Be2 e5 7 0-0: Various Black 7th moves.} 11. Rfe1 Qe7 (11... Nb4 $5 12. Qd2 Nxe4 13. Nxe4 Rxe4 $11) 12. f3 d5 {[%emt 0:00:01] White is slightly better.} 13. cxd5 Nb4 {[%emt 0:00:03][%csl LRc2,LRd5] [#]} 14. Qb3 $146 {[%emt 0:00:28] [#]} (14. Qc1 $14) ({Predecessor:} 14. Qd2 Nbxd5 15. Bh6 Nxc3 16. bxc3 Bxh6 17. Qxh6 Qc5 18. Qd2 Be6 19. Qb2 Rab8 20. Qb4 Qe5 {½-½ (20) Nesterov,A (2531)-Basso,P (2583) Bassano del Grappa 2022}) 14... Nbxd5 $1 15. Bf2 Nxc3 16. bxc3 Nd7 17. a4 Nc5 18. Qa3 Bf8 19. a5 Qf6 {[%emt 0:00:09][%cal Oc5e4] White must now prevent ...Nxe4!} 20. Qb2 h5 21. Rad1 h4 22. Qc1 Kh7 23. Bc4 b5 (23... Bh6 $14 24. Be3 Bxe3+ 25. Qxe3 Re5) 24. axb6 {[%emt 0:00:05] White is more active.} (24. e5 $16 Rxe5 25. Rxe5 Qxe5 26. Nxc6) 24... axb6 $14 25. e5 Rxe5 26. Rxe5 Qxe5 27. Nxc6 Qf6 28. Nd4 (28. Rd8 Bg7 29. Bb5 Nb3 $17) (28. Nb4 {deserves consideration.}) 28... h3 $11 29. Bd5 (29. Qe3 $11) 29... Ra7 (29... Bh6 $1 $17 30. f4 (30. Be3 $2 Ra1 $19) 30... Bxf4) 30. g3 Rd7 31. c4 (31. Bc4 $11) 31... Re7 $2 (31... Bb7 $1 $17 32. Bxb7 Nxb7) 32. Qf4 Qxf4 33. gxf4 Bh6 (33... Kg7 $5 ) 34. Bg3 Bg7 35. Kf2 Ra7 36. Rd2 Ra3 37. Nb5 Rb3 38. Nd6 Bf5 39. Nxf5 gxf5 40. Bxf7 Nd3+ 41. Ke2 Nc1+ 42. Kd1 Nd3 (42... Rb1 $1 $11 43. Rd6 Nb3+ 44. Ke2 Nd4+ 45. Ke3 Rb3+ 46. Kd2 Rb2+ 47. Ke3 Rb3+ 48. Kd2 Rb2+ 49. Kd1 Rb1+ 50. Kd2 Rb2+) 43. Ke2 $2 (43. c5 $18 Nb2+ 44. Ke2) 43... Nc5 44. Bf2 Bc3 45. Ra2 Kg7 46. Bd5 Kg6 47. Be3 (47. Bxc5 $5 bxc5 48. Ra6+ Kg7 49. Ra7+ Kg6 50. Ra6+ Kg7 51. Kf2 $14) 47... Bf6 48. Bc6 Nd3 (48... Rb1 $11) 49. Be8+ $16 {[%emt 0:00:02] A strong pair of Bishops.} Kh6 50. Bd7 (50. Ra6 $16) 50... Kg6 $1 $14 51. Be8+ (51. Ba4 $5 Rc3 52. Be8+ Kh6 53. Bd7 Nc1+ 54. Bxc1 Rxc1 55. Bxf5 Rxc4 56. Be4 $14 (56. Bxh3 Rxf4 57. Be6 b5 $14)) 51... Kh6 $1 52. Ba4 (52. Ra6 $16) 52... Rc3 53. Rc2 {[%emt 0:00:01] Prevents Nc1+. Threatens to win with Rxc3.} (53. Bd7 $5 Nc1+ 54. Bxc1 Rxc1 55. Bxf5 Rxc4 56. Be4 $16 (56. Bxh3 Rxf4 57. Bg4 Kg5 $14)) 53... Nc5 (53... Ra3 $11 {remains equal.} 54. Bd7 Kg6) 54. Rxc3 $16 Bxc3 {[%emt 0:00:01][%mdl 4096] Endgame KBB-KBN} 55. Bc2 Kg6 56. Bd3 ({White should try} 56. Kf2 $1) 56... Kf6 (56... Bb4 $142) 57. Bc2 Kg6 $1 58. Bf2 ({White should play} 58. Kf2 $1 $16) 58... Bb2 59. Kd2 Ba3 60. Bd3 {[%emt 0:00:01] [#]} (60. Bd1 $14) 60... Ne6 (60... Bc1+ $1 $11 61. Kc3 Nxd3 62. Kxd3 Bxf4) 61. Bxb6 Nxf4 62. Bf1 Kf6 63. c5 Ne6 {[%emt 0:00:02] Prevents Bd8+.} 64. c6 (64. Bxh3 Bxc5 65. Bxc5 Nxc5) 64... Bd6 65. Bxh3 (65. Kd3 $16) 65... Bxh2 $14 66. Bf1 {[%emt 0:00:01] Threatening Kc3.} Bd6 (66... Bc7 $11 {keeps the balance.} 67. Bg1 Ke5) 67. Bc4 ({Better is} 67. Kc3 $16) 67... Nc7 $2 (67... Bc7 $11 68. Ba7 Ke5) 68. Bd4+ Kg5 $2 (68... Ke7 $16) 69. Ke2 (69. Ke3 $18) 69... Kf4 $16 70. Be3+ (70. Bb6 $16) 70... Ke5 $14 71. Kd3 {[%emt 0:00:00] Strongly threatening f4+.} Kf6 $2 (71... Ba3 $14) 72. Bf2 $2 (72. Bd2 $18 {and White stays clearly on top.} Ke5 73. f4+ Kf6 74. Bc3+ Ke7 75. Be5) 72... Kg5 $2 (72... Ke5 $16 73. Bd4+ Kf4) 73. Be3+ Kf6 74. Bd2 Ke5 75. f4+ Kf6 {[%emt 0:00:01] [#]} 76. Bc3+ $1 Ke7 {[%emt 0:00:03] [#]} 77. Ke3 $2 ({White has to play} 77. Be5 $1 $18) 77... Ne6 $2 (77... Bc5+ $14 78. Kf3 Kd6) 78. Be5 (78. Bxe6 $142 Kxe6 79. Be5 Bf8 80. Kd4 Be7 81. Kc4 Bh4 82. Kc5 Bf2+ 83. Kb5) 78... Bc5+ 79. Kd3 {[%emt 0:00:02] White mates.} Bb6 80. Bxe6 Kxe6 81. Kc4 Ke7 82. Kb5 Be3 83. Ka6 {[%emt 0:00:01] Weighted Error Value: White=0.39/Black=0.35} 1-0

[Event "Superbet Blitz Poland 2022"]
[Site "Warsaw"]
[Date "2022.05.22"]
[Round "2.2"]
[White "Wojtaszek, Radoslaw"]
[Black "Caruana, Fabiano"]
[Result "0-1"]
[ECO "E61"]
[WhiteElo "2696"]
[BlackElo "2786"]
[Annotator "TA"]
[PlyCount "116"]
[EventDate "2022.05.22"]
[EventType "tourn"]
[EventCountry "POL"]
[SourceTitle "playchess.com"]
[Source "ChessBase"]
[SourceQuality "1"]
[TimeControl "300+2"]

1. d4 {[%emt 0:00:01] RR} Nf6 2. c4 d6 3. Nf3 g6 4. Nc3 Bf5 (4... Bg7 5. e4 O-O 6. Be2 e5 7. O-O Bg4 8. Be3 Bxf3 9. Bxf3 exd4 10. Bxd4 Nc6 11. Be3 Re8 12. Qd2 Nd7 13. Rad1 Bxc3 14. Qxc3 Qf6 15. Qc1 Nc5 16. Qb1 Qe6 17. Rfe1 Qxc4 18. b3 Qc3 19. Bd2 Qf6 {0-1 (39) Wojtaszek,R (2705)-Caruana,F (2823) Wijk aan Zee 2021}) 5. d5 e5 6. dxe6 {[%emt 0:00:05] E61: King's Indian: Early deviations for White, including Smyslov System.} Bxe6 ({Less strong is} 6... Nc6 7. exf7+ Kxf7 8. e4 $16) 7. Nd4 Bd7 8. e4 {[%emt 0:00:03] White is slightly better.} Bg7 9. Be2 O-O 10. O-O Re8 $1 {[%emt 0:00:04] 10...Re8 is better than 10...Nc6.} 11. f3 Nc6 12. Be3 Nxd4 $5 {[%emt 0:00:14][%mdl 4] Leaves trodden paths.} 13. Bxd4 {[%emt 0:00:02] [#]} a5 $146 ({Predecessor:} 13... Bc6 14. Qd2 Nd7 15. Be3 Ne5 16. Nd5 b6 17. Bg5 f6 18. Bh4 Bxd5 19. cxd5 Qd7 {1-0 (40) Dobrev,N (2448)-Chabradze,B (2161) Sautron 2007 EXT 2008 [RR]}) 14. Qd2 Bc6 15. b3 Nd7 16. Bxg7 Kxg7 17. Rae1 Nc5 18. Bd1 Qf6 19. Bc2 Re7 20. Kh1 h5 21. a3 b6 22. b4 axb4 23. axb4 Nd7 24. f4 Qh4 (24... Ra3 $14 25. e5 dxe5) 25. Re3 ({White should try} 25. Nd5 $16 Bxd5 26. cxd5) 25... Nf6 (25... Qf6 $14) 26. Qd4 $16 Bb7 27. Bd1 $2 ({Better is} 27. b5 $1 $18) 27... c5 $1 $11 28. Qxd6 (28. bxc5 $1 $14 bxc5 29. Qd3 (29. Qxd6 Nxe4 30. Nxe4 Bxe4 $11)) 28... Nxe4 $17 29. Nxe4 Bxe4 {[%emt 0:00:02] Chess con chili.} 30. Bf3 Re6 31. Qd2 Qxf4 {[%emt 0:00:18] White must now prevent ...Bxf3. Black is more active.} 32. Qc3+ $1 Kg8 {[%emt 0:00:01] Hoping for ...cxb4.} 33. bxc5 bxc5 {[%emt 0:00:03] Threatening ...Ra2.} 34. Kg1 {[%emt 0:00:01] Bxe4 is the strong threat.} Bxf3 35. Rexf3 Qd4+ 36. Qxd4 cxd4 37. Rxf7 $11 {[%emt 0:00:01][%mdl 4096] Endgame KRR-KRR} Rd8 38. R7f3 Rc6 39. Rc1 Rdc8 40. Rd3 Rxc4 41. Rcd1 Rd8 42. Kf2 Kf7 43. Kf3 Kf6 44. Ke4 Re8+ 45. Kf3 Rc3 46. Kf4 $2 (46. Rxc3 $11 {and White stays safe.} dxc3 47. Rc1) 46... Rc2 $2 (46... Rxd3 $19 47. Rxd3 g5+ 48. Kf3 Ke5) 47. Kf3 {[%emt 0:00:05] [#]} (47. h4 $15) 47... Ree2 (47... Rce2 $1 $19 48. R1d2 R2e3+ 49. Rxe3 Rxe3+ 50. Kf2 Ke5) 48. Rxd4 $17 Rf2+ 49. Ke3 Rce2+ 50. Kd3 Rxg2 51. h4 Ra2 52. Rf1+ {[%emt 0:00:01] [#]} Kg7 $1 53. Rd7+ $2 (53. Rff4 $17) 53... Kh6 $19 54. Ke3 {[%emt 0:00:05] Prevents Rad2.} (54. Rff7 Ra3+ 55. Kd4 Rg4+ 56. Kc5 Rxh4 57. Rh7+ Kg5 58. Rh8) 54... Ra3+ 55. Kf4 Rg4+ 56. Ke5 Re3+ {[%emt 0:00:02] Black is clearly winning.} 57. Kd6 Rd3+ 58. Kc6 Rxd7 {[%emt 0:00:01] Quite a comeback for Black.  Weighted Error Value: White=0.48/Black=0.23 (precise)} 0-1